 Dungeon Crawl Stone Soup version 0.27-a0-3-gcf006a40f5 (webtiles) character file.

Game seed: 13217199686261905976

2 Zonian the Chiller (level 1, -1/13 HPs)
             Began as a Barachi Ice Elementalist on Jan 2, 2021.
             Slain by a kobold
             ... wielding a +0 whip
              (4 damage)
             ... on level 1 of the Dungeon.
             The game lasted 00:00:37 (53 turns).

Zonian the Chiller (Barachi Ice Elementalist)         Turns: 53, Time: 00:00:37

Health: -1/13      AC:  2    Str:  9    XL:     1   Next: 40%
Magic:  0/3        EV: 12    Int: 15    God:
Gold:   12         SH:  0    Dex: 12    Spells: 3/4 levels left

rFire    . . .     SeeInvis .   (no weapon)
rCold    . . .     Faith    .   (no shield)
rNeg     . . .     Spirit   .   a - +0 robe
rPois    .         Reflect  .   (no helmet)
rElec    .         Harm     .   (no cloak)
rCorr    .         Rampage  .   (no gloves)
Will     .....                  (no boots)
Stlth    ++........             (no amulet)
HPRegen  0.04/turn              (no ring)
MPRegen  0.08/turn              (no ring)

@: very slightly contaminated, slow
A: +LOS, swims, slowness 1, strong legs 1
a: Hop


You were on level 1 of the Dungeon.
You visited 1 branch of the dungeon, and saw 1 of its levels.

You collected 12 gold pieces.

Inventory:

Armour
 a - a +0 robe (worn)


   Skills:
 + Level 2.1 Dodging
 + Level 1.7 Stealth
 + Level 2.1 Spellcasting
 + Level 5.0 Ice Magic


You had 3 spell levels left.
You knew the following spells:

 Your Spells              Type           Power        Failure   Level
a - Freeze                Ice            64%          2%          1

Your spell library contained the following spells:

 Spells                   Type           Power        Failure   Level
 Frozen Ramparts          Ice            32%          9%          3
 Ozocubu's Armour         Ice            16%          9%          3
 Hailstorm                Conj/Ice       9%           61%         4
 Summon Ice Beast         Ice/Summ       9%           61%         4


Dungeon Overview and Level Annotations

Branches:
Dungeon (1/15)

Altars:

Annotations:
D:1 1 runed translucent door


Innate Abilities, Weirdness & Mutations

You can be seen from farther away. (+LOS)
You can swim through water.
You cover ground slowly.
You can hop short distances.


Message History

The kobold misses you.
You barely miss the kobold.
The kobold is moderately wounded.
The jackal pauses to sniff the ground.
The kobold misses you.
Unknown command.
You are too injured to fight recklessly!
Casting: Freeze (safe; 2% risk of failure)
Confirm with . or Enter, or press ? or * to list all spells.
Aiming: Freeze (safe; 2% risk of failure)
Press: ? - help, Shift-Dir - straight line, f - kobold
Aim: a kobold, wielding a +0 whip (moderately wounded)
You miscast Freeze.
You are very lightly contaminated with residual magic.
Nothing appears to happen.
The kobold barely misses you.
The ooze jiggles.
You hit the kobold but do no damage.
The kobold is moderately wounded.
The kobold hits you with a +0 whip.
You die... ############### #.?...JhBB....# ..hrhhBwB...# JhrrJhhJ..#

#######+#######
#....gK@......#
+⌠....###.[..⌠+
#......b..⌠..# .K...
#.###'#######)###....(.
#..............K...$...
####...[..........#####
##.....#.....###
#############


You could see a worm, 4 oozes, 7 jackals, 4 giant cockroaches, a goblin, a
kobold and 3 rats.

Vanquished Creatures
  A goblin (D:1)
  A ball python (D:1)
  A bat (D:1)
3 creatures vanquished.

Notes
Turn   | Place    | Note
-------+----------+-------------------------------------------
     0 | D:1      | Zonian the Barachi Ice Elementalist began the quest for the
                  | Orb.
     0 | D:1      | Reached XP level 1. HP: 13/13 MP: 3/3
     1 | D:1      | Found a runed translucent door.
    33 | D:1      | Reached skill level 5 in Ice Magic
    53 | D:1      | Slain by a kobold

Illustrated notes

Levels and vault maps discovered:
D:1:      dpeg_arrival_caged_fury, layout_rooms, minmay_misc_feat_square

Skill      XL: |  1 |
---------------+----+-----
Ice Magic      | 5 |  5.0
Dodging        | |  2.1
Stealth        | |  1.7
Spellcasting   | |  2.1

Action                   || total
-------------------------++-------
Melee: Unarmed           ||    13
 Cast: Freeze            ||     4
Armor: Robe              ||     4
Dodge: Dodged            ||    18

Table legend: (Time is in decaauts)
 A = Elapsed time spent in this place.
 B = Non-inter-level travel time spent in this place.
 C = Inter-level travel time spent in this place.
 D = Time resting spent in this place.
 E = Time spent auto-exploring this place.
 F = Levels seen in this place.
 G = Mean time per level.
                   A        B        C        D        E       F      G
               +--------+--------+--------+--------+--------+-----+--------+
         Total |     59 |     59 |      0 |      0 |     16 |   1 |   59.0 |
       Dungeon |     59 |     59 |      0 |      0 |     16 |   1 |   59.0 |
               +--------+--------+--------+--------+--------+-----+--------+

Top non-repeatable levels by time:
     D:1: 59 daAuts
